EVO
OHIO STATE UNIVERSITY BUCKEYES @ UNIVERSITY OF ILLINOIS FIGHTING ILLINI
11/15/2048
 
TOP OF THE 1ST
University of Michigan Wolverines batting - Pitching for Washington State University Cougars : RHP Bayani Blanco
Pitching: RHP Bayani Blanco
Batting: LHB Tony Olvera 0-0: Reached on error, E4 (Groundball, 4, EV 81.9 MPH)
Batting: LHB Dave Cook 0-0: Swinging Strike
0-1: Ball
1-1: Ball
2-1: Ball
3-1: Fly out, F8 (Line Drive, 8RM, EV 91.2 MPH)
Batting: LHB Adrian Navarro 0-0: Foul Ball, location: 2F
0-1: Foul Ball, location: 2F
0-2: Foul Ball, location: 2F
0-2: Ball
1-2: 2-RUN HOME RUN (Flyball, 9LD, EV 100.0 MPH), Distance : 376 ft
Batting: RHB Franklin Ortega 0-0: Ball
1-0: Ball
2-0: Swinging Strike
2-1: Foul Ball, location: 2F
2-2: Ball
3-2: SINGLE (Flyball, 7LS, EV 94.4 MPH)
Batting: RHB Jason Rhodes 0-0: Ball
1-0: Foul Ball, location: 2F
1-1: Called Strike
1-2: Foul Ball, location: 2F
1-2: Ball
2-2: Grounds into double play, 6-4-3 (Groundball, 6, EV 98.8 MPH)
Top of the 1st over - 2 runs, 2 hits, 1 error, 0 left on base; University of Michigan 2 - Washington State University 0
BOTTOM OF THE 1ST
Washington State University Cougars batting - Pitching for University of Michigan Wolverines : RHP Steve Child
Pitching: RHP Steve Child
Batting: LHB Randolph Brodbeck 0-0: Called Strike
0-1: Foul Ball, location: 2F
0-2: Fly out, F6 (Line Drive, 6, EV 71.2 MPH)
Batting: RHB Noe Oliva 0-0: Ball
1-0: Ball
2-0: Ball
3-0: Called Strike
3-1: Called Strike
3-2: Base on Balls
Batting: RHB Camillo Bonauiti 0-0: Called Strike
0-1: Foul Ball, location: 2F
0-2: Foul Ball, location: 2F
0-2: SINGLE (Groundball, 34D, EV 94.4 MPH)
Noe Oliva to second
Runner from 2nd tries for 3rd, SAFE, throw by RF made to third
Batting: LHB Victor Estrada 0-0: Foul Ball, location: 2F
0-1: Foul Ball, location: 2F
0-2: Foul Ball, location: 2F
0-2: Ball
1-2: Strikes out swinging
Batting: LHB Jeremy Rideout 0-0: Ball
1-0: Ground out U3 (Groundball, 3S, EV 76.2 MPH)
Bottom of the 1st over - 0 runs, 1 hit, 0 errors, 2 left on base; University of Michigan 2 - Washington State University 0
TOP OF THE 2ND
University of Michigan Wolverines batting - Pitching for Washington State University Cougars : RHP Bayani Blanco
Batting: RHB Justin Young 0-0: Called Strike
0-1: Ball
1-1: Ball
2-1: Ball
3-1: Called Strike
3-2: Foul Ball, location: 2F
3-2: Strikes out swinging
Batting: RHB Dave Guevara 0-0: Called Strike
0-1: Ball
1-1: Called Strike
1-2: Foul Ball, location: 2F
1-2: Foul Ball, location: 2F
1-2: Ball
2-2: Foul Ball, location: 2F
2-2: Strikes out swinging
Batting: RHB Jamie Broadhurst 0-0: Foul Ball, location: 2F
0-1: Foul Ball, location: 2F
0-2: Foul Ball, location: 2F
0-2: Ball
1-2: Ball
2-2: Foul Ball, location: 2F
2-2: Foul Ball, location: 2F
2-2: Foul Ball, location: 2F
2-2: SINGLE (Groundball, 6, EV 98.8 MPH)
Batting: RHB Glen Limeburner 0-0: Ball
1-0: Foul Ball, location: 2F
1-1: Ball
2-1: Swinging Strike
2-2: Ball
3-2: Foul Ball, location: 2F
3-2: Foul Ball, location: 2F
3-2: Base on Balls
Jamie Broadhurst to second
Batting: LHB Tony Olvera 0-0: Swinging Strike
0-1: Called Strike
0-2: Ball
1-2: Fly out, F6 (Popup, 6D, EV 46.9 MPH)
Top of the 2nd over - 0 runs, 1 hit, 0 errors, 2 left on base; University of Michigan 2 - Washington State University 0
BOTTOM OF THE 2ND
Washington State University Cougars batting - Pitching for University of Michigan Wolverines : RHP Steve Child
Batting: RHB Leo Lopez 0-0: Called Strike
0-1: Foul Ball, location: 2F
0-2: Ball
1-2: Fly out, F8 (Line Drive, 89D, EV 90.0 MPH)
Batting: RHB Luis Mendoza 0-0: Swinging Strike
0-1: Ball
1-1: Called Strike
1-2: Strikes out looking
Batting: SHB Cedric Sweep 0-0: Foul Ball, location: 2F
0-1: Ball
1-1: Called Strike
1-2: Reached on error, E3 (Groundball, 3, EV 85.6 MPH)
Batting: RHB David Snyder 0-0: Called Strike
Cedric Sweep steals 2nd base
0-1: Ball
1-1: Fly out, F8 (Flyball, 8RD, EV 83.1 MPH)
Bottom of the 2nd over - 0 runs, 0 hits, 1 error, 1 left on base; University of Michigan 2 - Washington State University 0
TOP OF THE 3RD
University of Michigan Wolverines batting - Pitching for Washington State University Cougars : RHP Bayani Blanco
Batting: LHB Dave Cook 0-0: Ball
1-0: Fly out, F9 (Flyball, 9, EV 91.2 MPH)
Batting: LHB Adrian Navarro 0-0: Ball
1-0: Ball
2-0: Called Strike
2-1: Swinging Strike
2-2: Strikes out swinging
Batting: RHB Franklin Ortega 0-0: Ball
1-0: Ball
2-0: Foul Ball, location: 2F
2-1: Called Strike
2-2: Ball
3-2: Base on Balls
Batting: RHB Jason Rhodes 0-0: Foul Ball, location: 2F
0-1: Called Strike
0-2: Ground out 4-3 (Groundball, 34S, EV 76.2 MPH)
Top of the 3rd over - 0 runs, 0 hits, 0 errors, 1 left on base; University of Michigan 2 - Washington State University 0
BOTTOM OF THE 3RD
Washington State University Cougars batting - Pitching for University of Michigan Wolverines : RHP Steve Child
Batting: LHB Randolph Brodbeck 0-0: Ball
1-0: Foul Ball, location: 2F
1-1: Foul Ball, location: 2F
1-2: Ball
2-2: Ball
3-2: Base on Balls
Batting: RHB Noe Oliva 0-0: DOUBLE (Line Drive, 7LM, EV 96.9 MPH)
Randolph Brodbeck to third
Batting: RHB Camillo Bonauiti 0-0: Ball
1-0: Fly out, F8 (Flyball, 8RM, EV 88.1 MPH)
Runner from 3rd tags up, SCORES, throw by CF
Noe Oliva to third
Batting: LHB Victor Estrada 0-0: Called Strike
0-1: Ball
1-1: Ground out 3-1 (Groundball, 34S, EV 82.5 MPH)
Noe Oliva scores
Batting: LHB Jeremy Rideout 0-0: Called Strike
0-1: DOUBLE (Flyball, 8RXD, EV 90.6 MPH)
Batting: RHB Leo Lopez 0-0: Ground out 5-3 (Groundball, 5, EV 90.0 MPH)
Bottom of the 3rd over - 2 runs, 2 hits, 0 errors, 1 left on base; University of Michigan 2 - Washington State University 2
TOP OF THE 4TH
University of Michigan Wolverines batting - Pitching for Washington State University Cougars : RHP Bayani Blanco
Batting: RHB Justin Young 0-0: SOLO HOME RUN (Line Drive, 78XD, EV 116.9 MPH), Distance : 456 ft
Batting: RHB Dave Guevara 0-0: Ball
1-0: Ground out 5-3 (Groundball, 56, EV 86.2 MPH)
Batting: RHB Jamie Broadhurst 0-0: Ball
1-0: Ball
2-0: Foul Ball, location: 2F
2-1: Foul Ball, location: 2F
2-2: Ball
3-2: Ground out 5-3 (Groundball, 56S, EV 81.2 MPH)
Batting: RHB Glen Limeburner 0-0: Foul Ball, location: 2F
0-1: Foul Ball, location: 2F
0-2: Fly out, F9 (Flyball, 9S, EV 86.2 MPH)
Top of the 4th over - 1 run, 1 hit, 0 errors, 0 left on base; University of Michigan 3 - Washington State University 2
BOTTOM OF THE 4TH
Washington State University Cougars batting - Pitching for University of Michigan Wolverines : RHP Steve Child
Batting: RHB Luis Mendoza 0-0: Foul Ball, location: 2F
0-1: Swinging Strike
0-2: Strikes out swinging
Batting: SHB Cedric Sweep 0-0: Ball
1-0: Foul Ball, location: 2F
1-1: Ball
2-1: Foul Ball, location: 2F
2-2: Foul Ball, location: 2F
2-2: Ball
3-2: Foul Ball, location: 2F
3-2: Fly out, F7 (Flyball, 7, EV 94.4 MPH)
Batting: RHB David Snyder 0-0: Ball
1-0: Foul Ball, location: 2F
1-1: Foul Ball, location: 2F
1-2: DOUBLE (Flyball, 8RD, EV 92.5 MPH)
Batting: LHB Randolph Brodbeck 0-0: Ball
1-0: Swinging Strike
1-1: Ball
2-1: SINGLE (Line Drive, 6D, EV 99.4 MPH)
David Snyder to third
Batting: RHB Noe Oliva 0-0: Ball
1-0: Ball
2-0: Fielders Choice at 2nd, 6-4 (Groundball, 6, EV 85.0 MPH)
Bottom of the 4th over - 0 runs, 2 hits, 0 errors, 2 left on base; University of Michigan 3 - Washington State University 2
TOP OF THE 5TH
University of Michigan Wolverines batting - Pitching for Washington State University Cougars : RHP Bayani Blanco
Pitching: RHP Willie Becerra
Batting: LHB Tony Olvera 0-0: Ball
1-0: Ball
2-0: Ball
3-0: Called Strike
3-1: Ground out 6-3 (Groundball, 6, EV 85.0 MPH)
Batting: LHB Dave Cook 0-0: Called Strike
0-1: Ball
1-1: Fly out, F8 (Flyball, 8RD, EV 98.1 MPH)
Batting: LHB Adrian Navarro 0-0: Swinging Strike
0-1: Foul Ball, location: 2F
0-2: Ball
1-2: Ball
2-2: Fly out, F5 (Line Drive, 5, EV 68.1 MPH)
Top of the 5th over - 0 runs, 0 hits, 0 errors, 0 left on base; University of Michigan 3 - Washington State University 2
BOTTOM OF THE 5TH
Washington State University Cougars batting - Pitching for University of Michigan Wolverines : RHP Steve Child
Batting: RHB Camillo Bonauiti 0-0: Called Strike
0-1: Foul Ball, location: 2F
0-2: Ball
1-2: Fly out, F4 (Line Drive, 4D, EV 70.6 MPH)
Batting: LHB Victor Estrada 0-0: Called Strike
0-1: Swinging Strike
0-2: Foul Ball, location: 2F
0-2: Ball
1-2: Foul Ball, location: 2F
1-2: Ball
2-2: Ball
3-2: Foul Ball, location: 2F
3-2: Strikes out swinging
Batting: LHB Jeremy Rideout 0-0: Ball
1-0: Foul Ball, location: 2F
1-1: Called Strike
1-2: Fly out, F8 (Line Drive, 8LD, EV 92.5 MPH)
Bottom of the 5th over - 0 runs, 0 hits, 0 errors, 0 left on base; University of Michigan 3 - Washington State University 2
TOP OF THE 6TH
University of Michigan Wolverines batting - Pitching for Washington State University Cougars : RHP Willie Becerra
Batting: RHB Franklin Ortega 0-0: Ground out 6-3 (Groundball, 6, EV 84.4 MPH)
Batting: RHB Jason Rhodes 0-0: Called Strike
0-1: Ball
1-1: Ball
2-1: Swinging Strike
2-2: Fly out, F7 (Flyball, 7S, EV 79.4 MPH)
Batting: RHB Justin Young 0-0: Ball
1-0: Ball
2-0: Called Strike
2-1: Swinging Strike
2-2: Strikes out looking
Top of the 6th over - 0 runs, 0 hits, 0 errors, 0 left on base; University of Michigan 3 - Washington State University 2
BOTTOM OF THE 6TH
Washington State University Cougars batting - Pitching for University of Michigan Wolverines : RHP Steve Child
Batting: RHB Leo Lopez 0-0: Swinging Strike
0-1: Ball
1-1: Called Strike
1-2: Ball
2-2: Ball
3-2: Base on Balls
Batting: RHB Luis Mendoza 0-0: Sac Bunt to 5S - play at first, batter OUT! 5-4
Leo Lopez to second
Batting: SHB Cedric Sweep 0-0: SINGLE (Line Drive, 4D, EV 98.1 MPH)
Leo Lopez to third
Runner from 3rd tries for Home, SAFE, throw by RF to home
Batting: RHB David Snyder 0-0: Ball
1-0: Ball
2-0: Ball
3-0: Foul Ball, location: 2F
3-1: Swinging Strike
3-2: Grounds into double play, 4-6-3 (Groundball, 4M, EV 80.6 MPH)
Bottom of the 6th over - 1 run, 1 hit, 0 errors, 0 left on base; University of Michigan 3 - Washington State University 3
TOP OF THE 7TH
University of Michigan Wolverines batting - Pitching for Washington State University Cougars : RHP Willie Becerra
Pitching: RHP Danny Diaz
Batting: RHB Dave Guevara 0-0: Ground out 6-3 (Groundball, 4M, EV 91.2 MPH)
Batting: RHB Jamie Broadhurst 0-0: Swinging Strike
0-1: Foul Ball, location: 2F
0-2: Ball
1-2: SINGLE (Groundball, 6MD, EV 104.4 MPH)
Batting: RHB Glen Limeburner 0-0: Ball
1-0: Swinging Strike
1-1: Swinging Strike
1-2: Strikes out swinging
Pinch Hitting: RHB Edwin Nunez 0-0: Called Strike
0-1: Fly out, F9 (Flyball, 9, EV 80.0 MPH)
Top of the 7th over - 0 runs, 1 hit, 0 errors, 1 left on base; University of Michigan 3 - Washington State University 3
BOTTOM OF THE 7TH
Washington State University Cougars batting - Pitching for University of Michigan Wolverines : RHP Steve Child
Now in CF: Gabe Morales
Batting: LHB Randolph Brodbeck 0-0: Swinging Strike
0-1: Ball
1-1: Ball
2-1: Swinging Strike
2-2: Strikes out swinging
Batting: RHB Noe Oliva 0-0: Ball
1-0: Fly out, F9 (Line Drive, 89M, EV 95.6 MPH)
Batting: RHB Camillo Bonauiti 0-0: Ball
1-0: Swinging Strike
1-1: Called Strike
1-2: Strikes out swinging
Bottom of the 7th over - 0 runs, 0 hits, 0 errors, 0 left on base; University of Michigan 3 - Washington State University 3
TOP OF THE 8TH
University of Michigan Wolverines batting - Pitching for Washington State University Cougars : RHP Danny Diaz
Batting: LHB Dave Cook 0-0: Ball
1-0: DOUBLE (Flyball, 8RXD, EV 100.6 MPH)
Batting: LHB Adrian Navarro 0-0: Intentional Walk
Batting: RHB Franklin Ortega 0-0: Foul Ball, location: 2F
0-1: Foul Ball, location: 2F
0-2: Ball
1-2: Grounds into double play, 4-6-3 (Groundball, 4M, EV 100.6 MPH)
Dave Cook to third
Batting: RHB Jason Rhodes 0-0: Swinging Strike
0-1: 2-RUN HOME RUN (Flyball, 7LD, EV 91.2 MPH), Distance : 340 ft
Batting: RHB Justin Young 0-0: Ball
1-0: Ball
2-0: Swinging Strike
2-1: Swinging Strike
2-2: Ball
3-2: Strikes out swinging
Top of the 8th over - 2 runs, 2 hits, 0 errors, 0 left on base; University of Michigan 5 - Washington State University 3
BOTTOM OF THE 8TH
Washington State University Cougars batting - Pitching for University of Michigan Wolverines : RHP Steve Child
Pitching: RHP Befikadu Mthuthuzeli
Batting: LHB Victor Estrada 0-0: Called Strike
0-1: Ball
1-1: Ground out U3 (Groundball, 3, EV 101.9 MPH)
Batting: LHB Jeremy Rideout 0-0: Ball
1-0: Foul Ball, location: 2F
1-1: Swinging Strike
1-2: Strikes out swinging
Batting: RHB Leo Lopez 0-0: Called Strike
0-1: Foul Ball, location: 2F
0-2: Ball
1-2: Ball
2-2: DOUBLE (Line Drive, 9LS, EV 113.1 MPH)
Pinch Hitting: RHB Eric Kent 0-0: Ball
1-0: Ball
2-0: Ball
3-0: Called Strike
3-1: Fly out, F8 (Flyball, 8RD, EV 101.9 MPH)
Bottom of the 8th over - 0 runs, 1 hit, 0 errors, 1 left on base; University of Michigan 5 - Washington State University 3
TOP OF THE 9TH
University of Michigan Wolverines batting - Pitching for Washington State University Cougars : RHP Danny Diaz
Pitching: RHP Juan Serrano
Now at 3B: Eric Kent
Batting: RHB Dave Guevara 0-0: Hit by Pitch
Batting: RHB Jamie Broadhurst 0-0: Ball
1-0: Ball
2-0: Ball
3-0: Called Strike
3-1: Base on Balls
Dave Guevara to second
Batting: RHB Glen Limeburner 0-0: Called Strike
0-1: Foul Ball, location: 2F
0-2: Strikes out swinging
Batting: LHB Gabe Morales 0-0: Ball
1-0: Called Strike
1-1: Ball
2-1: Foul Ball, location: 2F
2-2: Ball
3-2: Strikes out swinging
Batting: LHB Dave Cook 0-0: Ball
1-0: Ball
2-0: Foul Ball, location: 2F
2-1: Foul Ball, location: 2F
2-2: Strikes out swinging
Top of the 9th over - 0 runs, 0 hits, 0 errors, 2 left on base; University of Michigan 5 - Washington State University 3
BOTTOM OF THE 9TH
Washington State University Cougars batting - Pitching for University of Michigan Wolverines : RHP Befikadu Mthuthuzeli
Pitching: RHP Travis Palmisano
Batting: SHB Cedric Sweep 0-0: Called Strike
0-1: Swinging Strike
0-2: DOUBLE (Line Drive, 89D, EV 105.6 MPH)
Pinch Hitting: RHB Rich Griffith 0-0: Called Strike
0-1: SINGLE (Groundball, 34D, EV 102.5 MPH)
Cedric Sweep to third
Batting: LHB Randolph Brodbeck 0-0: Ball
1-0: Ball
2-0: SINGLE (Line Drive, 8RS, EV 93.1 MPH)
Cedric Sweep scores
Rich Griffith to second
Batting: RHB Noe Oliva 0-0: Swinging Strike
0-1: Called Strike
0-2: Ball
1-2: Ball
2-2: Fly out, F9 (Flyball, 9LD, EV 97.5 MPH)
Runner from 2nd tags up, SAFE at 3rd, no throw by RF
Batting: RHB Camillo Bonauiti 0-0: Ball
1-0: Foul Ball, location: 2F
1-1: Fielders Choice at 2nd, 3-6 (Groundball, 3, EV 87.5 MPH)
Rich Griffith scores
Batting: LHB Victor Estrada 0-0: Ball
1-0: Swinging Strike
1-1: Foul Ball, location: 2F
1-2: Ball
2-2: Ground out 4-3 (Groundball, 4, EV 83.8 MPH)
Bottom of the 9th over - 2 runs, 3 hits, 0 errors, 1 left on base; University of Michigan 5 - Washington State University 5
TOP OF THE 10TH
University of Michigan Wolverines batting - Pitching for Washington State University Cougars : RHP Juan Serrano
Pitching: LHP Travis Joyal
Now at C: Rich Griffith
Batting: LHB Adrian Navarro 0-0: Called Strike
0-1: Called Strike
0-2: Ball
1-2: Ball
2-2: SINGLE (Flyball, 5D, EV 94.4 MPH)
Batting: RHB Franklin Ortega 0-0: Swinging Strike
0-1: Ball
1-1: Reached on error, E4 (Groundball, 4, EV 83.1 MPH)
Adrian Navarro to second
Batting: RHB Jason Rhodes 0-0: Fielders Choice at 2nd, 4-6 (Groundball, 4, EV 107.5 MPH)
Adrian Navarro to third
Batting: RHB Justin Young 0-0: Foul Ball, location: 2F
0-1: Foul Ball, location: 2F
0-2: Ball
1-2: Ball
Jason Rhodes steals 2nd base (no throw)
2-2: Strikes out swinging
Batting: RHB Dave Guevara 0-0: Ball
1-0: Foul Ball, location: 2F
1-1: Ball
2-1: Ball
3-1: Foul Ball, location: 2F
3-2: Ground out 6-3 (Groundball, 6, EV 79.4 MPH)
Top of the 10th over - 0 runs, 1 hit, 1 error, 2 left on base; University of Michigan 5 - Washington State University 5
BOTTOM OF THE 10TH
Washington State University Cougars batting - Pitching for University of Michigan Wolverines : RHP Travis Palmisano
Pitching: RHP Danny Araiza
Batting: LHB Jeremy Rideout 0-0: Ball
1-0: Ball
2-0: DOUBLE (Line Drive, 8LXD, EV 111.2 MPH)
Batting: RHB Leo Lopez 0-0: Intentional Walk
Batting: RHB Eric Kent 0-0: Fly out, F8 (Flyball, 78M, EV 87.5 MPH)
Runner from 2nd tags up, SAFE at 3rd with throw by CF
Batting: SHB Cedric Sweep 0-0: Swinging Strike
0-1: Ball
1-1: Ball
2-1: Fly out, F7 (Flyball, 78M, EV 81.2 MPH)
Runner from 3rd tags up, SCORES, throw by LF
Bottom of the 10th over - 1 run, 1 hit, 0 errors, 1 left on base; University of Michigan 5 - Washington State University 6
Tuesday, March 28th , 2023 - OOTP Baseball 23.10 Build 110